 Dungeon Crawl Stone Soup version 0.23.0-3-gf3c87f2 (webtiles) character file.

Game seed: 6940525726207213265

36 Anon1729 the Chopper (level 3, -5/32 HPs)
             Began as a Naga Gladiator on Feb 24, 2019.
             Killed by nerve-wracking pain
             ... invoked by an orc priest
              (14 damage)
             ... on level 2 of the Dungeon.
             The game lasted 00:02:44 (1446 turns).

Anon1729 the Chopper (Naga Gladiator)               Turns: 1446, Time: 00:02:45

Health: -5/32      AC:  3    Str: 17    XL:     3   Next: 37%
Magic:  3/3        EV: 10    Int:  8    God:
Gold:   56         SH:  0    Dex: 12    Spells: 2/2 levels left

rFire    . . .     SeeInvis +   a - +0 war axe
rCold    . . .     Gourm    .   (no shield)
rNeg     . . .     Faith    .   b - +0 leather armour
rPois    +         Spirit   .   c - +0 helmet
rElec    .         Reflect  .   (no cloak)
rCorr    .         Harm     .   (no gloves)
MR       .....                  (no barding)
Stlth    +.........             (no amulet)
HPRegen  0.10/turn              (no ring)
MPRegen  0.08/turn              (no ring)

@: short of breath, very slow
A: large, see invisible, deformed body, poison resistance, slowness 2, slow
metabolism 1, spit poison 1, AC +1
a: Spit Poison


You were on level 2 of the Dungeon.
You were not hungry.

You visited 1 branch of the dungeon, and saw 2 of its levels.

You collected 56 gold pieces.

Inventory:

Hand Weapons
 a - a +0 war axe (weapon)
 h - a +0 dagger of venom
Missiles
 d - 3 throwing nets (quivered)
Armour
 b - a +0 leather armour (worn)
 c - a +0 helmet (worn)
Scrolls
 e - a scroll of enchant weapon {unknown}
 g - a scroll of fog {unknown}
 j - 2 scrolls of identify {unknown}
 m - a scroll of enchant armour {unknown}
Potions
 i - a potion of might {unknown}
 l - a potion of flight {unknown}
 n - a potion of invisibility {unknown}
Comestibles
 f - 6 rations
 k - a chunk of flesh


   Skills:
 + Level 2.1 Fighting
 + Level 3.6 Axes
 + Level 1.9 Throwing
 + Level 0.5 Armour
 + Level 2.8 Dodging
 + Level 0.8 Stealth


You had 2 spell levels left.
You didn't know any spells.
Your spell library was empty.

Dungeon Overview and Level Annotations

Branches:
Dungeon (2/15)

Altars:
Xom


Innate Abilities, Weirdness & Mutations

You cannot wear boots.
Your serpentine skin is tough. (AC +1)
You have supernaturally acute eyesight. (SInv)
Armour fits poorly on your strangely shaped body.
Your system is resistant to poisons. (rPois)
You cover ground very slowly.
You have a slow metabolism.
You can spit poison.


Message History

You hit the orc priest.
The orc priest is heavily wounded.
The orc priest hits you but does no damage.
The orc priest closely misses you.
You barely miss the orc priest.
The orc priest is heavily wounded.
You have got your breath back.
The orc priest closely misses you.
Press: ? - help, Shift-Dir - straight line, f/p - orc priest
Aim: an orc priest, wielding a -1 hand axe (heavily wounded)
The splash of poison hits the orc priest.
The orc priest is poisoned.
The orc priest is severely wounded.
You feel slightly more hungry.
The orc priest begins to cast a cantrip, but forgets the words!
You closely miss the orc priest.
The orc priest is severely wounded.
The orc priest invokes the aid of Beogh against you.
Pain shoots through your body!
You die...

........#.# #######...#
##.## #.# #####.#
#.....# # # #..#### .##
####...###########...###
+..............(@o......
####...###########...###
# #..## .## #...# ..
###.# ## #.# #.# #.# #
#.#


You could see an orc priest.

Vanquished Creatures
  An ooze (D:1)
  A worm (D:2)
  A dart slug (D:1)
  A leopard gecko (D:1)
  4 orcs (D:2)
  5 goblins (D:1)
  2 bats (D:1)
  3 frilled lizards (D:1)
  3 kobolds (D:1)
  A rat (D:1)
22 creatures vanquished.

Notes
Turn   | Place    | Note
-------+----------+-------------------------------------------
     0 | D:1      | Anon1729 the Naga Gladiator began the quest for the Orb.
     0 | D:1      | Reached XP level 1. HP: 19/19 MP: 1/1
   138 | D:1      | Found an ancient bone altar of Kikubaaqudgha.
   140 | D:1      | Found a hazy altar of Hepliaklqana.
   140 | D:1      | Found a hazy altar of Hepliaklqana.
   142 | D:1      | Found a hazy altar of Hepliaklqana.
   142 | D:1      | Found a radiant altar of Vehumet.
   142 | D:1      | Found a shimmering altar of Xom.
   148 | D:1      | Reached XP level 2. HP: 22/26 MP: 2/2
   707 | D:1      | Reached XP level 3. HP: 32/32 MP: 3/3
  1446 | D:2      | Killed from afar by an orc priest

Action                   || total
-------------------------++-------
Melee: War axe           ||    75
 Abil: Spit Poison       ||     9
 Stab: Sleeping          ||     1
  Eat: Chunk             ||     1
Armor: Leather armour    ||    17
Dodge: Dodged            ||    30
